AoeStats
← niparrara

Arena

510564229Analyzed
1v1 RM · 14h ago on Oct 1, 2026· 29m 51s· 2 players
Game mode
Random Map
Map size
Tiny (2 player)
Population
200
Speed
Normal
Resources
Standard
Victory
Conquest
Starting age
Dark Age
Ending age
Imperial Age
RankedLock teamsTeams togetherTeam positionsShared explorationLock speedFull tech treeHidden civsTurbo modeCheats
Victory
Defeat
🇦🇹 Teutons · Austria
817
+15
🇨🇴 Poles · Colombia
794
-15
niparrara
9:47 Feudal Age
11:04 Double-Bit Axe
16:57 Castle Age
14:54 Horse Collar
18:12 Bow Saw
24:15 Ballistics
24:53 Loom
MJP
11:03 Feudal Age
15:01 Castle Age
12:56 Loom
24:10 Fletching
31:13 Imperial Age
30:15 Ballistics
Connection lost

Rejoining the realm…

Still unreachable

The connection could not be restored.

Session expired

The server has moved on; the page needs a fresh start.